 Dungeon Crawl Stone Soup version 0.28.0 (webtiles) character file.

Game seed: 3979916007922958505

434 styxcanada the Covert (level 6, -2/32 HPs)
             Began as a Spriggan Brigand on Feb 7, 2022.
             Slain by an ice beast (6 damage)
             ... on level 3 of the Dungeon.
             The game lasted 00:17:54 (4761 turns).

styxcanada the Covert (Spriggan Brigand)            Turns: 4761, Time: 00:17:54

Health: -2/32      AC:  3    Str:  7    XL:     6   Next: 67%
Magic:  7/7        EV: 19    Int: 12    God:
Gold:   55         SH:  0    Dex: 19    Spells: 5/5 levels left

rFire   . . .      SeeInvis +   a - +2 dagger
rCold   . . .      Faith    .   (no shield)
rNeg    . . .      Spirit   .   b - +0 robe
rPois   .          Reflect  .   (helmet restricted)
rElec   .          Harm     .   c - +0 cloak
rCorr   .          Rampage  .   (gloves unavailable)
Will    +....                   (boots unavailable)
Stlth   ++++......              (no amulet)
HPRegen 0.10/turn               (no ring)
MPRegen 0.10/turn               (no ring)

@: very quick
A: very small, no large weapons, unfitting armour, see invisible, speed 3
a: no special abilities


You were on level 3 of the Dungeon.
You visited 1 branch of the dungeon, and saw 4 of its levels.

You collected 83 gold pieces.
You spent 28 gold pieces at shops.

Inventory:

Hand Weapons
 a - a +2 dagger (weapon)
 g - a +0 hunting sling
Missiles
 f - 138 stones (quivered)
 l - 27 sling bullets
Armour
 b - a +0 robe (worn)
 c - a +0 cloak (worn)
Scrolls
 j - a scroll of magic mapping {unknown}
 m - a scroll of silence {unknown}
 n - a scroll of teleportation {unknown}
Potions
 h - a potion of curing
 i - a potion of invisibility
 k - a potion of brilliance


   Skills:
 * Level 2.6 Fighting
 + Level 3.1 Short Blades
 + Level 3.1 Throwing
 * Level 4.4 Dodging
 * Level 9.2 Stealth


You had 5 spell levels left.
You didn't know any spells.
Your spell library contained the following spells:

 Spells                   Type           Power      Damage    Failure   Level
 Animate Skeleton         Necr           0%         N/A       32%         1
 Apportation              Tloc           0%         N/A       32%         1
 Summon Small Mammal      Summ           0%         N/A       32%         1
 Ozocubu's Armour         Ice            0%         N/A       69%         3
 Ozocubu's Refrigeration  Ice            0%         4d5       100%        7


Dungeon Overview and Level Annotations

Branches:
Dungeon (4/15)
 Temple: D:4-7

Altars:
Dithmenos
Nemelex Xobeh
The Shining One

Shops:
D:2 ?


Innate Abilities, Weirdness & Mutations

You are very small and have problems with some larger weapons.
You are too small for most types of armour.
You have supernaturally acute eyesight. (SInv)
You cover ground extremely quickly. (Speed+++)


Message History

Fire: 32 sling bullets
Press: ? - help, Q - select action, (/) - cycle Shift-Dir - straight line, f/p - ice beast
Aim: an ice beast (moderately wounded, 63% to hit)
You shoot a sling bullet.
The sling bullet closely misses the ice beast.
Fire: 31 sling bullets
Press: ? - help, Q - select action, (/) - cycle Shift-Dir - straight line, f/p - ice beast
Aim: an ice beast (moderately wounded, 63% to hit)
You shoot a sling bullet. The sling bullet hits the ice beast.
The ice beast is heavily wounded.
You see here a +0 club.
Fire: 30 sling bullets
Press: ? - help, Q - select action, (/) - cycle Shift-Dir - straight line, f/p - ice beast
Aim: an ice beast (heavily wounded, 63% to hit)
You shoot a sling bullet. The sling bullet hits the ice beast.
The ice beast is heavily wounded.
Fire: 29 sling bullets
Press: ? - help, Q - select action, (/) - cycle Shift-Dir - straight line, f/p - ice beast
Aim: an ice beast (heavily wounded, 63% to hit)
You shoot a sling bullet.
The sling bullet closely misses the ice beast.
Fire: 28 sling bullets
Press: ? - help, Q - select action, (/) - cycle Shift-Dir - straight line, f/p - ice beast
Aim: an ice beast (heavily wounded, 63% to hit)
You shoot a sling bullet. The sling bullet hits the ice beast.
The ice beast is severely wounded.
a - a +2 dagger (weapon)
You hit the ice beast but do no damage.
The ice beast is severely wounded.
The ice beast misses you.
You hit the ice beast but do no damage.
The ice beast is severely wounded.
The ice beast hits you. The ice beast freezes you!
* * * LOW HITPOINT WARNING * * *
You hit the ice beast.
The ice beast is severely wounded.
The ice beast hits you.
* * * LOW HITPOINT WARNING * * *
The ice beast freezes you.
You die...

#)#
########.#...########
#<# #.....##....## #.#
#.....#.#.....
#.########
#.########....
#.......># #.# #.#...
########.# #.#####
####.# #^# #.....# #.#.
#.########.###)########
#.##..@Y(.(# #...(..(#.
#.##.####### ########.#
#.##.# ##.#. #.##.#
##.##. #.##.# ##.#...
#.##.# #.##.Y. ##.##.#
#.#...## ##.#.#.#
###.####
##.###..###############


You could see an ice beast.

Vanquished Creatures
  Sigmund (D:3)
  2 hounds
  Ijyb (D:3)
  Natasha (twice) (D:3)
  Robin (D:3)
  6 adders
  A dart slug (D:3)
  3 ball pythons (D:2)
  3 endoplasms (D:3)
  2 giant cockroaches
  14 goblins
  12 hobgoblins
  3 jackals (D:2)
  7 kobolds
  4 quokkas
  3 bats (D:1)
  4 frilled lizards
  5 rats
74 creatures vanquished.

Vanquished Creatures (others)
  3 plants (D:3)
3 creatures vanquished.

Grand Total: 77 creatures vanquished

Notes
Turn   | Place    | Note
-------+----------+-------------------------------------------
     0 | D:1      | styxcanada the Spriggan Brigand began the quest for the
                  | Orb.
     0 | D:1      | Reached XP level 1. HP: 10/10 MP: 2/2
    10 | D:1      | Reached skill level 6 in Stealth
   228 | D:1      | Reached XP level 2. HP: 14/14 MP: 3/3
   771 | D:1      | Found a faded altar of an unknown god.
   796 | D:1      | Reached skill level 7 in Stealth
  1016 | D:2      | Reached XP level 3. HP: 13/18 MP: 4/4
  1554 | D:2      | Found Foshog's Magic Scroll Shop.
  1567 | D:2      | Bought a scroll of identify for 28 gold pieces
  1739 | D:2      | Reached XP level 4. HP: 23/23 MP: 5/5
  1992 | D:2      | HP: 1/23 [poisoned by an adder]
  2433 | D:3      | Found a glowing golden altar of the Shining One.
  2433 | D:3      | Noticed Sigmund
  2433 | D:3      | Noticed Ijyb
  2436 | D:3      | Killed Ijyb
  2900 | D:3      | Killed Sigmund
  2901 | D:3      | Reached skill level 8 in Stealth
  2901 | D:3      | Reached XP level 5. HP: 26/26 MP: 6/6
  2901 | D:3      | Reached XP level 6. HP: 30/30 MP: 7/7
  3206 | D:3      | You fall into a shaft and drop 1 floor!
  3206 | D:4      | Found a sparkling altar of Nemelex Xobeh.
  3206 | D:4      | Found a shadowy altar of Dithmenos.
  3366 | D:3      | Noticed an ice beast
  3403 | D:3      | Reached skill level 9 in Stealth
  3702 | D:3      | Noticed Natasha
  3706 | D:3      | Killed Natasha
  4026 | D:3      | Noticed Robin
  4193 | D:3      | Killed Robin
  4474 | D:3      | Noticed Natasha
  4486 | D:3      | Killed Natasha
  4761 | D:3      | Slain by an ice beast

Illustrated notes

Levels and vault maps discovered:
D:1:      minmay_arrival_diagonal_passages, layout_rooms,
          shapermc_ecumenical_altar_mp_highgroup, serial_park_tiny_2,
          nicolae_figureground_sparkle
D:2:      layout_loops_ring, serial_shops, shop
D:3:      wad_crossroads, layout_loops_ring, mainiacjoe_overflow_boulevard,
          uniq_natasha, uniq_robin, uniq_sigmund, uniq_ijyb
D:4:      layout_basic, mainiacjoe_overflow_catwalk_spiral

Skill      XL: |  1  2  3  4  5  6 |
---------------+-------------------+-----
Stealth        | 6 7 8 9 |  9.2
Dodging        | 2 3 4 |  4.4
Fighting       | 2 |  2.6
Short Blades   | 3 |  3.1
Throwing       | 3 |  3.1

Action                   |  1- 3 |  4- 6 || total
-------------------------+-------+-------++-------
Melee: Dagger            |   136 |   123 ||   259
       Punch             |     3 |     4 ||     7
 Fire: Hunting sling     |       |    15 ||    15
Throw: Dart              |    17 |    49 ||    66
       Stone             |       |     1 ||     1
  Use: Scroll            |       |     4 ||     4
 Stab: Sleeping          |    10 |    10 ||    20
Armor: Robe              |    19 |    10 ||    29
Dodge: Dodged            |   110 |    89 ||   199
